 Dungeon Crawl Stone Soup version 0.30-a0-757-ga6a79fd877 (webtiles) character file.

Game seed: 8726576256158043059

91 IdlyInterested the Slasher (level 4, -6/33 HPs)
             Began as a Formicid Gladiator on Feb 9, 2023.
             Constricted to death by Ijyb (7 damage)
             ... on level 3 of the Dungeon.
             The game lasted 00:05:57 (2181 turns).

IdlyInterested the Slasher (Formicid Gladiator)     Turns: 2181, Time: 00:05:57

Health: -6/33      AC:  9    Str: 19    XL:     4   Next: 87%
Magic:  4/4        EV:  7    Int:  7    God:
Gold:   119        SH:  0    Dex: 17    Spells: 3/3 levels left

rFire   . . .      SeeInvis +    a - +0 long sword
rCold   . . .      Faith    .    (no shield)
rNeg    . . .      Spirit   .    e - +3 scale mail
rPois   .          Reflect  .    (helmet unavailable)
rElec   .          Harm     .    (no cloak)
rCorr   .          Rampage  .    (no gloves)
Will    +....                    (no boots) Stlth
                                 (no amulet)
HPRegen 0.25/turn                (no ring)
MPRegen 0.09/turn                (no ring)

@: grasped by roots, constricted
A: permanent stasis, dig shafts and tunnels, antennae 3, four strong arms,
strong-willed 1
a: Dig, Shaft Self


You were on level 3 of the Dungeon.
You visited 1 branch of the dungeon, and saw 3 of its levels.

You collected 119 gold pieces.

Inventory:

Hand Weapons
 a - a +0 long sword (weapon)
Missiles
 b - 9 stones (quivered)
 c - 3 throwing nets
 d - a javelin
 g - 4 poisoned darts
Armour
 e - a +3 scale mail (worn)
 m - a +0 kite shield
Potions
 f - 3 potions of mutation
 i - a potion of might {unknown}
 l - a potion of lignification {unknown}
 n - 2 potions of haste {unknown}


   Skills:
 - Level 2.1 Fighting
 * Level 4.7 Long Blades
 - Level 2.0 Throwing
 - Level 1.0 Armour
 - Level 2.6 Dodging
 - Level 1.0 Stealth
 - Level 1.0 Shields
 - Level 1.0 Evocations


You had 3 spell levels left.
You didn't know any spells.
Your spell library contained the following spells:

 Spells                   Type           Power      Damage    Failure   Level
 Cigotuvi's Dreadful Rot  Necr/Pois/Air  0%         N/A       91%         2
 Hailstorm                Conj/Ice       0%         3d3       99%         3
 Dispel Undead            Necr           0%         3d6       100%        4
 Ice Form                 Ice/Tmut       0%         N/A       100%        4
 Death Channel            Necr           0%         N/A       100%        6
 Simulacrum               Ice/Necr       0%         N/A       100%        6


Dungeon Overview and Level Annotations

Branches:
Dungeon (3/15)

Altars:

Annotations:
D:3 Ijyb


Innate Abilities, Weirdness & Mutations

You cannot be hasted, slowed, berserked, paralysed or teleported.
You can dig through walls and to a lower floor.
You have a pair of large antennae on your head. (SInv)
Your four strong arms can wield two-handed weapons with a shield.
You are strong-willed. (Will+)


Message History

The grasping roots constrict you.
The grasping roots release their grip on you.
You hit Ijyb.
Ijyb is heavily wounded.
The iguana misses you. Ijyb hits you but does no damage.
You hit Ijyb.
Ijyb is heavily wounded.
The iguana barely misses you.
Ijyb drinks a potion.
Ijyb is healed!
You hit Ijyb but do no damage.
Ijyb is lightly wounded.
The iguana bites you. Ijyb hits you with a +0 club.
Ijyb zaps a wand.
The roots erupt in riotous growth!
The grasping roots grab you!
Ijyb is unaffected.
The iguana is unaffected.
The grasping roots constrict you.
The iguana bites you but does no damage.
You barely miss Ijyb.
Ijyb is lightly wounded.
The iguana completely misses you. Ijyb hits you but does no damage.
The grasping roots constrict you.
You hit Ijyb.
Ijyb is moderately wounded.
The iguana closely misses you. Ijyb hits you with a +0 club.
The grasping roots constrict you.
* * * LOW HITPOINT WARNING * * *
The grasping roots release their grip on you.
You feel much better. The iguana bites you.
Ijyb zaps a wand.
The roots erupt in riotous growth!
The grasping roots grab you!
Ijyb is unaffected.
The iguana is unaffected.
The grasping roots constrict you.
You slash Ijyb!
Ijyb is severely wounded.
The iguana bites you! Ijyb closely misses you.
The grasping roots constrict you.
* * * LOW HITPOINT WARNING * * *
You barely miss Ijyb.
Ijyb is severely wounded.
The iguana bites you!
* * * LOW HITPOINT WARNING * * *
Ijyb barely misses you. The grasping roots constrict you!
You die...

#.......#.#
#..#.##.#.# {
#..#.##.#.#
#.......#.#
##.####.#.# #
...
#[#.######.#.
#.#.
.#..........
#.
###.l...... #
#@####.#. #g#
#.# #.# #.#
#.#
.########.#
.......<#.#
.########


You could see Ijyb and an iguana.

Vanquished Creatures
  Jessica (D:2)
  2 adders
  A worm (D:2)
  3 dart slugs
  4 endoplasms
  2 giant cockroaches (D:1)
  5 goblins
  3 hobgoblins
  2 quokkas (D:1)
  2 ball pythons (D:2)
  2 bats
  A frilled lizard (D:2)
  6 kobolds (D:2)
  5 rats
39 creatures vanquished.

Notes
Turn   | Place    | Note
-------+----------+-------------------------------------------
     0 | D:1      | IdlyInterested the Formicid Gladiator began the quest for
                  | the Orb.
     0 | D:1      | Reached XP level 1. HP: 16/16 MP: 1/1
   123 | D:1      | Reached XP level 2. HP: 14/22 MP: 2/2
   258 | D:1      | Reached skill level 1 in Armour
   489 | D:1      | Reached XP level 3. HP: 27/27 MP: 3/3
   567 | D:1      | Reached skill level 1 in Stealth
   768 | D:2      | Gained mutation: You are strong-willed. (Will+) [potion of
                  | mutation]
   983 | D:2      | Noticed Jessica
   989 | D:2      | Killed Jessica
   990 | D:2      | Reached skill level 4 in Long Blades
   990 | D:2      | Reached skill level 1 in Shields
   990 | D:2      | Reached XP level 4. HP: 33/33 MP: 4/4
  2005 | D:3      | Reached skill level 1 in Evocations
  2160 | D:3      | Noticed Ijyb
  2181 | D:3      | HP: 1/33 [iguana (8)]
  2181 | D:3      | Constricted to death by Ijyb

Illustrated notes

Levels and vault maps discovered:
D:1:      dpeg_arrival_arbitrary_c, layout_loops_ring
D:2:      layout_basic, serial_co_window_serial, co_window_paths_a,
          co_window_paths_b, co_window_of_opportunity_a,
          co_window_of_opportunity_a, co_window_paths_a, co_window_corner_a,
          co_window_paths_b, co_window_of_opportunity_b, co_window_paths_c,
          co_window_broadway_a, co_window_paths_c, co_window_unsneaky_path_d,
          co_window_unsneaky_path_d, glass_columns_a, glass_columns_c,
          glass_columns_c, glass_columns_a, glass_columns_a, uniq_jessica
D:3:      layout_basic, chequers_ecumenical_altar_simple, uniq_ijyb

Skill      XL: |  1  2  3  4 |
---------------+-------------+-----
Armour         | 1 |  1.0
Stealth        | 1 |  1.0
Long Blades    | 4 |  4.7
Shields        | 1 |  1.0
Evocations     | 1 |  1.0
Fighting       | |  2.1
Throwing       | |  2.0
Dodging        | |  2.6

Action                     |  1- 3 |  4- 6 || total
---------------------------+-------+-------++-------
  Melee: Long sword        |    59 |    69 ||   128
         Punch             |     2 |     2 ||     4
  Throw: Stone             |       |     4 ||     4
    Use: Potion            |     1 |     3 ||     4
         Scroll            |     1 |     2 ||     3
 Armour: Scale mail        |    25 |    30 ||    55
  Dodge: Dodged            |    25 |    40 ||    65

Table legend: (Time is in decaauts)
 A = Elapsed time spent in this place.
 B = Non-inter-level travel time spent in this place.
 C = Inter-level travel time spent in this place.
 D = Time resting spent in this place.
 E = Time spent auto-exploring this place.
 F = Levels seen in this place.
 G = Mean time per level.
                   A        B        C        D        E       F      G
               +--------+--------+--------+--------+--------+-----+--------+
         Total |   2207 |   1929 |    278 |     77 |   1343 |   3 |  735.7 |
       Dungeon |   2207 |   1929 |    278 |     77 |   1343 |   3 |  735.7 |
               +--------+--------+--------+--------+--------+-----+--------+

Top non-repeatable levels by time:
     D:2: 1242 daAuts
     D:1: 772 daAuts
     D:3: 193 daAuts
